 Dungeon Crawl Stone Soup version 0.14-a0-1499-g388a102 (webtiles) character file.

5093 Jenx the Severer (level 10, -4/77 HPs)
             Began as a Minotaur Berserker on Dec 14, 2013.
             Was a High Priest of Trog.
             Slain by a killer bee (12 damage)
             ... on Level 8 of the Dungeon on Dec 15, 2013.
             The game lasted 00:23:52 (6423 turns).

Jenx the Severer (Minotaur Berserker)               Turns: 6423, Time: 00:23:52

HP  -4/77        AC 15     Str 24      XL: 10   Next: 29%
MP   4/4         EV  5     Int  5      God: Trog [*****.]
Gold 83          SH  0     Dex 10      Spells:  0 memorised,  9 levels left

rFire  . . .     SeeInvis .     a - +1 executioner's axe (flame)
rCold  . . .     Clarity  .     z - +0 dwarf plate armour
rNeg   . . .     Conserve .     (no shield)
rPois  .         rCorr    .     (helmet restricted)
rElec  .         rRot     .     (no cloak)
SustAb . .       Spirit   .     j - +2 pair of gloves
rMut   .         Warding  .     (no boots)
Saprov . . .     Stasis   .     (no amulet)
                                (no ring)
                                (no ring)

@: regenerating, exhausted, very poisoned, slowed, very slow, very resistant to
hostile enchantments, extremely unstealthy
A: retaliatory headbutt, horns 2
a: Burn Spellbooks, Berserk, Trog's Hand, Brothers in Arms, Renounce Religion


You were on level 8 of the Dungeon.
You worshipped Trog.
Trog was extremely pleased with you.
You were very hungry.

You visited 2 branches of the dungeon, and saw 9 of its levels.
You also visited: Ossuary.

You collected 707 gold pieces.
You spent 624 gold pieces at shops.

Inventory:

Hand weapons
 a - a +1,+1 executioner's axe of flaming (weapon)
 b - a +2,+3 orcish hand axe
 B - a +4,+0 quarterstaff
Missiles
 o - 7 darts (quivered)
Armour
 j - a +2 pair of gloves (worn)
 z - a +0 dwarven plate armour (worn)
Magical devices
 q - a wand of flame (8)
 v - a wand of random effects (9)
 y - a wand of frost (14)
 A - a wand of flame (10)
Comestibles
 c - 4 bread rations
 l - 3 meat rations
 C - a honeycomb
Scrolls
 m - a scroll of curse weapon {unknown}
 s - a scroll of enchant weapon I {unknown}
 u - 3 scrolls of teleportation
 x - 4 scrolls of remove curse
Jewellery
 e - an uncursed ring of poison resistance {unknown}
 p - an uncursed ring of protection from cold {unknown}
 t - an uncursed ring of flight {unknown}
Potions
 d - a potion of lignification {unknown}
 f - a potion of resistance {unknown}
 g - a potion of paralysis {unknown}
 h - 2 potions of invisibility {unknown}
 i - a potion of heal wounds
 k - a potion of agility {unknown}
 n - 3 potions of curing {unknown}
 r - a potion of might {unknown}
 w - a potion of restore abilities {unknown}


   Skills:
 - Level 3.6 Fighting
 * Level 17.1 Axes
 - Level 2.4 Armour
 - Level 2.1 Dodging


You had 9 spell levels left.
You didn't know any spells.

Dungeon Overview and Level Annotations

Branches:
Dungeon (8/16)             Temple (1/1) D:7
   Lair: D:8-11

Altars:
Makhleb
Xom
Yredelemnul
Zin
the Shining One

Shops:
D:8 *


Innate Abilities, Weirdness & Mutations

You reflexively headbutt those who attack you in melee.
You have a pair of horns on your head.


Message History

The killer bee stings you!
* * * LOW HITPOINT WARNING * * *
The killer bee stings you but does no damage.
The killer bee barely misses you. You furiously retaliate!
You headbutt the killer bee. The killer bee stings you.
* * * LOW HITPOINT WARNING * * *
You are too injured to fight recklessly!
You are too injured to fight recklessly!
Unknown command.
You miss the killer bee.
The killer bee is severely wounded.
You slice the killer bee!! You burn the killer bee!
You kill the killer bee!
Trog accepts your kill.
* * * LOW HITPOINT WARNING * * *
You feel sick. The killer bee barely misses you.
The killer bee barely misses you. The killer bee stings you.
* * * LOW HITPOINT WARNING * * *
The killer bee completely misses you. The killer bee stings you!
You die...

######## ######################
......... .......................
.................................
.................................
.................................
.........# #.....%)%............
.......### #..@..(.............
#####...# #.#$k################
##% ##.# #.# #.# #.# ..# ..# ..#


You could see a killer bee (berserk).

Vanquished Creatures
  Erolcha (D:8)
  Joseph (D:8)
  A queen bee (D:8)
  A two-headed ogre (D:8)
  Prince Ribbit (D:7)
  A manticore (D:8)
  2 orc warriors
  2 sky beasts (D:8)
  A phantom (D:6)
  An ogre (D:4)
  2 ice beasts (D:7)
  3 giant frogs
  A manticore zombie (D:6)
  A hippogriff zombie (D:6)
  17 killer bees (D:8)
  5 wights (D:6)
  A goliath beetle (D:7)
  3 crimson imps
  A hound (D:6)
  A centaur zombie (Ossuary)
  4 orc wizards
  2 scorpions (D:8)
  2 orc priests (D:7)
  2 iguanas (D:8)
  5 worker ants
  Ijyb (D:2)
  Jessica (D:3)
  An ogre zombie (D:8)
  2 big kobold zombies (Ossuary)
  An ogre skeleton (D:6)
  2 mummies (Ossuary)
  4 gnolls (D:2)
  9 adders
  A giant centipede (D:8)
  An inept feature mimic (D:2)
  4 worms
  3 giant eyeballs
  4 giant geckos
  2 oozes
  41 orcs
  8 bats
  7 giant cockroaches
  5 gnoll zombies (Ossuary)
  16 hobgoblins
  11 jackals
  2 quokkas
  4 ball pythons (D:3)
  5 giant newts
  A giant spore (D:6)
  13 goblins
  2 goblin zombies (Ossuary)
  3 hobgoblin skeletons
  2 hobgoblin zombies (Ossuary)
  A jackal zombie (D:5)
  15 kobolds
  2 orc zombies (Ossuary)
  A quokka zombie (D:6)
  9 rats
  2 ballistomycetes (D:6)
248 creatures vanquished.

Vanquished Creatures (collateral kills)
  A two-headed ogre zombie (D:8)
  A worm zombie (D:8)
2 creatures vanquished.

Vanquished Creatures (others)
  A giant frog (D:6)
1 creature vanquished.

Grand Total: 251 creatures vanquished

Notes
Turn   | Place    | Note
--------------------------------------------------------------
     0 | D:1      | Jenx, the Minotaur Berserker, began the quest for the Orb.
     0 | D:1      | Reached XP level 1. HP: 19/19 MP: 1/1
    66 | D:1      | Reached skill level 4 in Axes
   104 | D:1      | Reached XP level 2. HP: 20/26 MP: 1/1
   238 | D:1      | Acquired Trog's second power
   708 | D:2      | Reached skill level 5 in Axes
   722 | D:2      | Reached XP level 3. HP: 31/31 MP: 2/2
   755 | D:2      | Noticed Ijyb
   763 | D:2      | Killed Ijyb
   942 | D:2      | Found a shimmering altar of Xom.
  1190 | D:2      | Reached XP level 4. HP: 36/39 MP: 2/2
  1200 | D:2      | Reached skill level 6 in Axes
  1350 | D:3      | Reached skill level 7 in Axes
  1350 | D:3      | Reached XP level 5. HP: 16/45 MP: 2/2
  1898 | D:3      | Noticed Jessica
  1903 | D:3      | Killed Jessica
  2000 | D:3      | Found a burning altar of Makhleb.
  2001 | D:3      | Noticed a balrug
  2079 | D:3      | Acquired Trog's third power
  2230 | D:3      | Upgraded the game from 0.14-a0-1474-g1105da3 to 0.14-a0-1499-g388a102
  2370 | D:4      | Reached skill level 8 in Axes
  2670 | D:4      | Noticed an ogre
  2683 | D:4      | Killed an ogre
  2683 | D:4      | Reached XP level 6. HP: 34/51 MP: 3/3
  3071 | D:5      | Entered Level 5 of the Dungeon
  3175 | D:5      | Reached skill level 9 in Axes
  3227 | D:5      | Paralysed by a giant eyeball for 3 turns
  3237 | D:5      | Paralysed by a giant eyeball for 3 turns
  3410 | D:5      | Found a sand-covered staircase.
  3419 | Ossuary  | Entered an ossuary
  3697 | Ossuary  | Reached XP level 7. HP: 53/57 MP: 3/3
  4207 | D:6      | Reached skill level 10 in Axes
  4360 | D:6      | Reached skill level 11 in Axes
  4485 | D:6      | Reached XP level 8. HP: 57/64 MP: 3/3
  4504 | D:6      | Paralysed by a giant eyeball for 3 turns
  4508 | D:6      | Reached skill level 12 in Axes
  5045 | D:7      | Found a staircase to the Ecumenical Temple.
  5056 | Temple   | Entered the Ecumenical Temple
  5106 | D:7      | Reached skill level 13 in Axes
  5433 | D:7      | Noticed Prince Ribbit
  5441 | D:7      | Killed Prince Ribbit
  5441 | D:7      | Reached XP level 9. HP: 40/70 MP: 4/4
  5623 | D:7      | Reached skill level 14 in Axes
  5876 | D:8      | Paralysed by a giant eyeball for 4 turns
  5883 | D:8      | Paralysed by a giant eyeball for 4 turns
  5903 | D:8      | Found a glowing golden altar of the Shining One.
  5903 | D:8      | Noticed an angel
  6027 | D:8      | Reached skill level 15 in Axes
  6059 | D:8      | Noticed Joseph
  6075 | D:8      | Killed Joseph
  6239 | D:8      | Reached skill level 16 in Axes
  6266 | D:8      | Found Zokhlugut's General Store.
  6278 | D:8      | Received a gift from Trog
  6284 | D:8      | Found a basalt altar of Yredelemnul.
  6285 | D:8      | Bought a scroll of acquirement for 624 gold pieces
  6289 | D:8      | Noticed Erolcha
  6319 | D:8      | Killed Erolcha
  6319 | D:8      | Reached XP level 10. HP: 25/77 MP: 4/4
  6422 | D:8      | Reached skill level 17 in Axes
  6423 | D:8      | Slain by a killer bee

Action                   |  1- 3 |  4- 6 |  7- 9 | 10-12 || total
-------------------------+-------+-------+-------+-------++-------
Melee: Hand axe          |    82 |   251 |    72 |       ||   405
       Battleaxe         |       |       |   196 |       ||   196
       Executioner's axe |       |       |    14 |    24 ||    38
Throw: Dart              |     4 |     2 |     5 |       ||    11
Invok: Trog's Hand       |       |     2 |     4 |     1 ||     7
       Berserk           |       |     2 |     2 |     1 ||     5
       Brothers in Arms  |       |       |     1 |       ||     1
Evoke: Wand              |       |     1 |     4 |       ||     5
  Use: Scroll            |       |    10 |     3 |       ||    13
       Potion            |       |       |     1 |     2 ||     3
